 Dungeon Crawl Stone Soup version 0.29-a0-1052-g6990b1bffc (webtiles) character file.

Game seed: 13331786523044857031

6370 ders the Geomancer (level 10, -4/50 HPs)
             Began as a Gargoyle Earth Elementalist on Aug 12, 2022.
             Was a Follower of Vehumet.
             Slain by a blink frog (9 damage)
             ... on level 8 of the Dungeon on Aug 17, 2022.
             The game lasted 00:11:19 (9456 turns).

ders the Geomancer (Gargoyle Earth Elementalist)    Turns: 9456, Time: 00:11:19

Health: -4/50      AC: 11    Str: 11    XL:     10   Next: 97%
Magic:  20/22      EV: 12    Int: 21    God:    Vehumet [*.....]
Gold:   632        SH:  0    Dex: 14    Spells: 14/26 levels left

rFire   . . .      SeeInvis .   f - +0 dagger
rCold   . . .      Faith    .   (no shield)
rNeg    + . .      Spirit   .   a - +0 robe
rPois   ∞          Reflect  .   (no helmet)
rElec   +          Harm     .   z - +0 cloak {Stlth+}
rCorr   +          Rampage  .   (no gloves)
Will    .....                   d - +0 pair of boots
Stlth   +++.......              p - amulet of Awe {RegenMP Contam rElec rPois rCorr Dex+4}
HPRegen 0.16/turn               (no ring)
MPRegen 0.58/turn               (no ring)

@: no status effects
A: sickness immunity, AC +7, negative energy resistance 1, electricity
resistance, torment resistance 1, petrification resistance
a: Renounce Religion


You were on level 8 of the Dungeon.
You worshipped Vehumet.
Vehumet was aware of your devotion.
You visited 3 branches of the dungeon, and saw 10 of its levels.

You collected 632 gold pieces.

Inventory:

Hand Weapons
 f - a +0 dagger (weapon)
Missiles
 w - a throwing net
Armour
 a - a +0 robe (worn)
 d - a +0 pair of boots (worn)
 z - a +0 cloak of stealth (worn)
Jewellery
 p - the amulet of Awe (around neck) {RegenMP Contam rElec rPois rCorr Dex+4}
   (You found it on level 3 of the Dungeon)

   [amulet of magic regeneration]

   It increases your rate of magic regeneration.
   Dex:       It affects your dexterity (+4).
   rElec:     It insulates you from electricity.
   rPois:     It protects you from poison.
   Contam:    It causes magical contamination when unequipped.
   rCorr:     It protects you from acid and corrosion.
 y - an amulet of faith
Wands
 C - a wand of paralysis (5)
 E - a wand of digging (8)
Scrolls
 g - 2 scrolls of enchant armour
 h - a scroll of immolation {unknown}
 j - 2 scrolls of blinking
 l - 2 scrolls of amnesia
 m - a scroll of fear
 q - 2 scrolls of poison
 r - 4 scrolls of vulnerability
 s - a scroll of teleportation
 x - a scroll of noise {unknown}
 A - a scroll of enchant weapon
Potions
 b - 3 potions of magic
 e - 3 potions of curing
 i - a potion of attraction {unknown}
 k - 2 potions of berserk rage
 n - a potion of mutation {unknown}
 o - a potion of ambrosia {unknown}
 t - a potion of heal wounds
 u - a potion of invisibility {unknown}
 v - 2 potions of flight
 B - a potion of might {unknown}


   Skills:
 - Level 1.5 Dodging
 - Level 2.1 Stealth
 + Level 8.9 Spellcasting
 + Level 10.2 Conjurations
 - Level 0.7 Transmutations
 + Level 11.8 Earth Magic


You had 14 spell levels left.
You knew the following spells:

 Your Spells              Type           Power      Damage    Failure   Level
a - Sandblast             Erth           100%       2d20      1%          1
b - Stone Arrow           Conj/Erth      100%       3d13      1%          3
c - Iron Shot             Conj/Erth      27%        9d6       12%         6
d - Passwall              Tmut/Erth      29%        N/A       1%          2

Your spell library contained the following spells:

 Spells                   Type           Power      Damage    Failure   Level
 Foxfire                  Conj/Fire      100%       2x1d9     1%          1
 Magic Dart               Conj           100%       1d8       1%          1
 Iskenderun's Battlesphe  Conj           51%        2d10      3%          5
 Mephitic Cloud           Conj/Pois/Air  23%        N/A       5%          3
 Petrify                  Tmut/Erth      35%        N/A       5%          4
 Sting                    Tmut/Pois      40%        1d5       6%          1
 Call Imp                 Summ           9%         N/A       11%         2
 Poisonous Vapours        Pois/Air       18%        N/A       11%         2
 Gell's Gravitas          Tloc           9%         N/A       22%         3
 Teleport Other           Tloc           9%         N/A       22%         3
 Olgreb's Toxic Radiance  Pois           9%         N/A       58%         4
 Dispersal                Tloc           4%         N/A       100%        6
 Spellforged Servitor     Conj/Summ      15%        N/A       100%        7


Dungeon Overview and Level Annotations

Branches:
Dungeon (8/15)             Temple (1/1) D:7            Lair (1/5) D:8

Altars:
Ashenzari
Cheibriados
Dithmenos
Elyvilon
Fedhas
Gozag
Hepliaklqana
Kikubaaqudgha
Makhleb
Nemelex Xobeh
Okawaru
Qazlal
Sif Muna
Trog
Uskayaw
Vehumet
Xom
Yredelemnul
Zin
The Shining One

Annotations:
D:8 3 runed translucent doors, flotson's ghost, novice DsDe


Innate Abilities, Weirdness & Mutations

You are immune to sickness and miasma.
Your stone body is resilient. (AC +7)
You are immune to poison.
You resist negative energy. (rN+)
You are resistant to electric shocks. (rElec)
You are resistant to unholy torment.
You are immune to petrification.


Message History

Confirm with . or Enter, or press ? or * to list all spells.
Aiming: Stone Arrow (safe; 1% risk of failure)
Press: ? - help, Shift-Dir - straight line, f - blink frog
Aim: a blink frog (61% to hit)
The stone arrow misses the blink frog.
The blink frog hits you! x2
The blink frog blinks!
The blink frog hits you!
The blink frog blinks!
Unknown command.
Casting: Stone Arrow (safe; 1% risk of failure)
Confirm with . or Enter, or press ? or * to list all spells.
Aiming: Stone Arrow (safe; 1% risk of failure)
Press: ? - help, Shift-Dir - straight line, f/p - blink frog
Aim: a blink frog (61% to hit)
The stone arrow hits the blink frog!!
You kill the blink frog!
Vehumet accepts your kill.
You feel your power returning.
The blink frog blinks!
Unknown command.
The blink frog hits you!
* * * LOW HITPOINT WARNING * * *
You climb upwards.
Welcome back to the Dungeon!
Level annotation: 3 runed translucent doors, flotson's ghost, novice DsDe
There is a staircase to the Lair here.
Casting: Stone Arrow (safe; 1% risk of failure)
Confirm with . or Enter, or press ? or * to list all spells.
Aiming: Sandblast (safe; 1% risk of failure)
Press: ? - help, Shift-Dir - straight line, f - blink frog
Aim: a blink frog (74% to hit)
The blast of sand misses the blink frog.
The blink frog hits you but does no damage.
The blink frog misses you.
Unknown command.
Casting: Sandblast (safe; 1% risk of failure)
Confirm with . or Enter, or press ? or * to list all spells.
Aiming: Sandblast (safe; 1% risk of failure)
Press: ? - help, Shift-Dir - straight line, f/p - blink frog
Aim: a blink frog (74% to hit)
The blast of sand hits the blink frog!!
The blink frog is almost dead.
The blink frog hits you!
You die...

#....##..................######
######........P.P..........#
...............P...P......##
...#####...P..P.P.P.......#######
.............P.P.......#.<.......
..#.####....P...P................
..........P....####..............
..#.###........#.F'..............
#....##....P...#@.#P.............
#..#.###....P..####...P..#.......
#....###.........P...P...........
...#..##....P.P.....P............
##.......#....P.........#..>...##
##.#.....##.P...P.[.....##.##..##
#......#...........)#[......#....
..####.####.........[....).......
#.# #...####.####.#>.......###.#


You could see a blink frog.

Vanquished Creatures
  A cane toad (Lair:1)
  A komodo dragon (D:7)
  Psyche (D:8)
  5 blink frogs (Lair:1)
  A wyvern (D:7)
  5 yaks
  Grum (D:8)
  A basilisk (Lair:1)
  4 water moccasins
  4 ice beasts
  An orc warrior (D:8)
  2 black bears
  2 wolves (D:8)
  4 centaurs
  An ogre (D:4)
  A phantom (D:7)
  A kobold brigand (D:7)
  2 necrophages (D:6)
  6 bullfrogs
  4 scorpions
  3 howler monkeys
  A jelly (D:5)
  2 gnoll boudas
  Crazy Yiuf (D:7)
  4 orc priests
  6 hounds
  An iguana (D:6)
  8 orc wizards
  12 gnolls
  4 adders
  2 white imps
  An ufetubus (D:5)
  6 worms
  2 dart slugs
  29 orcs
  6 bats
  7 endoplasms
  A giant cockroach (D:1)
  9 goblins
  6 hobgoblins
  4 quokkas
  8 ball pythons
  A frilled lizard (D:3)
  13 kobolds
  5 rats
190 creatures vanquished.

Vanquished Creatures (others)
  An orc (D:7)
  17 fungi (D:8)
  12 plants (D:8)
30 creatures vanquished.

Grand Total: 220 creatures vanquished

Notes
Turn   | Place    | Note
-------+----------+-------------------------------------------
     0 | D:1      | ders the Gargoyle Earth Elementalist began the quest for
                  | the Orb.
     0 | D:1      | Reached XP level 1. HP: 10/10 MP: 3/3
   114 | D:1      | Reached XP level 2. HP: 3/15 MP: 0/5
   457 | D:1      | Reached skill level 1 in Conjurations
   641 | D:1      | Reached skill level 4 in Earth Magic
   971 | D:2      | Reached XP level 3. HP: 15/19 MP: 1/6
  1150 | D:2      | Found a faded altar of an unknown god.
  1248 | D:2      | Identified the +4 ring mail "Fahoump" {*Corrode rN+ MP+9
                  | Int+5}
  2223 | D:3      | Reached XP level 4. HP: 9/24 MP: 5/8
  2459 | D:3      | Identified the amulet of Awe {RegenMP Contam rElec rPois
                  | rCorr Dex+4}
  2641 | D:3      | Reached XP level 5. HP: 28/28 MP: 9/9
  2645 | D:3      | Reached skill level 5 in Earth Magic
  3173 | D:4      | Reached XP level 6. HP: 29/32 MP: 11/11
  3213 | D:4      | Learned a level 3 spell: Stone Arrow
  3342 | D:4      | Found a hazy altar of Hepliaklqana.
  3604 | D:4      | Reached skill level 6 in Earth Magic
  3819 | D:5      | Entered Level 5 of the Dungeon
  3854 | D:5      | Reached XP level 7. HP: 26/36 MP: 13/13
  4531 | D:5      | Found a glowing silver altar of Zin.
  4957 | D:5      | Reached skill level 5 in Conjurations
  4959 | D:5      | Reached skill level 7 in Earth Magic
  5084 | D:6      | Reached skill level 5 in Spellcasting
  5084 | D:6      | Reached XP level 8. HP: 12/41 MP: 8/15
  5429 | D:6      | Found a shimmering blue altar of Sif Muna.
  6118 | D:6      | Reached skill level 8 in Earth Magic
  6492 | D:7      | Found an ancient bone altar of Kikubaaqudgha.
  6493 | D:7      | Found an opulent altar of Gozag.
  6533 | D:7      | Noticed a wyvern
  6536 | D:7      | Killed a wyvern
  6579 | D:7      | Reached XP level 9. HP: 45/45 MP: 12/18
  6607 | D:7      | Found a runed translucent door.
  6608 | D:7      | Noticed Crazy Yiuf
  6690 | D:7      | Killed Crazy Yiuf
  6770 | D:7      | Found a staircase to the Ecumenical Temple.
  6830 | Temple   | Entered the Ecumenical Temple
  6947 | Temple   | Became a worshipper of Vehumet
  7037 | D:7      | Noticed a komodo dragon
  7038 | D:7      | Found a shimmering altar of Xom.
  7203 | D:7      | Reached skill level 9 in Earth Magic
  7321 | D:7      | Killed a komodo dragon
  7466 | D:7      | Learned a level 6 spell: Iron Shot
  7486 | D:7      | Reached skill level 10 in Earth Magic
  7957 | D:8      | Reached XP level 10. HP: 36/50 MP: 17/21
  8042 | D:8      | Found a stormy altar of Qazlal.
  8065 | D:8      | Noticed Psyche
  8073 | D:8      | Killed Psyche
  8128 | D:8      | Reached * piety under Vehumet
  8128 | D:8      | Offered knowledge of Foxfire by Vehumet.
  8150 | D:8      | Noticed Grum
  8159 | D:8      | Killed Grum
  8386 | D:8      | Found a staircase to the Lair.
  8629 | D:8      | Found a runed translucent gate.
  8629 | D:8      | Found a runed translucent gate.
  8629 | D:8      | Found a runed translucent gate.
  8631 | D:8      | Noticed flotson's ghost (novice DsDe)
  8842 | Lair:1   | Entered Level 1 of the Lair of Beasts
  8868 | Lair:1   | Upgraded the game from 0.29-a0-1023-g6ae1a4a2c7 to
                  | 0.29-a0-1052-g6990b1bffc
  8871 | Lair:1   | Learned a level 2 spell: Passwall
  9004 | Lair:1   | Reached skill level 11 in Earth Magic
  9347 | Lair:1   | Noticed a cane toad
  9350 | Lair:1   | Reached skill level 10 in Conjurations
  9354 | Lair:1   | Killed a cane toad
  9456 | D:8      | Slain by a blink frog

Illustrated notes

Levels and vault maps discovered:
D:1:      spicycebolla_arrival_xxxplode, layout_rooms, roderic_serpentine_path,
          chequers_serial_rivers_large_b, wad_floor_pattern_untrapped,
          corexii_corridor_pit, st_stairs_3, minmay_pentomino_q4
D:2:      layout_basic, ebering_ecumenical_altar_petrified, grunt_ministairs_6
D:3:      minmay_wonky_spiral, layout_loops_cross, minmay_diced_spiral
D:4:      layout_loops_ring, nicolae_hepliaklqana_hazy_memory, serial_glass,
          glass_columns_a, glass_columns_b, glass_columns_a, feat_on_display,
          minmay_strange_pillars, chequers_serial_rivers_micro_e,
          grunt_ministairs_13
D:5:      layout_cave_pods, zin_treasury
D:6:      layout_layer_cave, led_sif_book, serial_park_tiny_1, glass_columns_c,
          chequers_garden, nicolae_titane
D:7:      layout_gridville, xom_confusion_cloud,
          gammafunk_temple_overflow_pools, minmay_temple_entry_slanted,
          uniq_crazy_yiuf_cottage
D:8:      layout_rooms, nicolae_qazlal_general_emergency,
          grunt_lair_entry_orc_guard_hut, gammafunk_ghost_nasty_kobolds,
          uniq_grum, uniq_psyche
Temple:   hellmonk_temple_forest_ring
Lair:1:   layout_layer_cave, st_stairs_4

Skill      XL: |  1  2  3  4  5  6  7  8  9 10 |
---------------+-------------------------------+-----
Conjurations   | 1 2 3 4 5 6 8 10 | 10.2
Earth Magic    | 4 5 6 7 8 10 11 | 11.8
Spellcasting   | 3 4 5 6 7 8 |  8.9
Dodging        | |  1.5
Stealth        | |  2.1
Transmutations | |  0.7

Action                   |  1- 3 |  4- 6 |  7- 9 | 10-12 || total
-------------------------+-------+-------+-------+-------++-------
Melee: Unarmed           |     8 |       |       |       ||     8
       Dagger            |     5 |     2 |     6 |     1 ||    14
 Cast: Sandblast         |    56 |    67 |    41 |    34 ||   198
       Stone Arrow       |       |       |   101 |    43 ||   144
  Use: Potion            |       |       |     3 |     1 ||     4
       Scroll            |       |       |     1 |    11 ||    12
Armor: Robe              |    28 |    16 |    47 |    25 ||   116
Dodge: Dodged            |    38 |    32 |    87 |    28 ||   185

Table legend: (Time is in decaauts)
 A = Elapsed time spent in this place.
 B = Non-inter-level travel time spent in this place.
 C = Inter-level travel time spent in this place.
 D = Time resting spent in this place.
 E = Time spent auto-exploring this place.
 F = Levels seen in this place.
 G = Mean time per level.
                   A        B        C        D        E       F      G
               +--------+--------+--------+--------+--------+-----+--------+
         Total |   9702 |   9230 |    472 |   2002 |   5975 |  10 |  970.2 |
       Dungeon |   9023 |   8591 |    432 |   1742 |   5691 |   8 | 1127.9 |
        Temple |    138 |    100 |     38 |      0 |     89 |   1 |  138.0 |
          Lair |    539 |    537 |      2 |    260 |    195 |   1 |  539.0 |
               +--------+--------+--------+--------+--------+-----+--------+

Top non-repeatable levels by time:
     D:7: 1476 daAuts
     D:5: 1411 daAuts
     D:2: 1205 daAuts
     D:1: 1081 daAuts
     D:6: 1080 daAuts
     D:8: 1047 daAuts
     D:3: 970 daAuts
     D:4: 750 daAuts
  Lair:1: 539 daAuts
  Temple: 138 daAuts
